 Dungeon Crawl Stone Soup version 0.30-a0-847-g17996783a1 (webtiles) character file.

Game seed: 4127024205154671666

1208 Norrock the Grasshopper (level 8, 0/68 (71) HPs)
             Began as an Armataur Warper on Mar 4, 2023.
             Was a Priest of Lugonu.
             Shot with an arrow by a centaur (2 damage)
             ... on level 7 of the Dungeon.
             The game lasted 00:31:25 (4933 turns).

Norrock the Grasshopper (Armataur Warper)           Turns: 4933, Time: 00:31:26

HP:   0/68 (71)     AC: 10    Str: 19    XL:     8   Next: 21%
MP:   0/11          EV:  7    Int: 13    God:    Lugonu [***...]
Gold: 320           SH:  0    Dex: 15    Spells: 5/11 levels left

rFire   . . .      SeeInvis .    i - +6 trident "Zostroet" {holy, Dex+5}
rCold   . . .      Faith    .    (no shield)
rNeg    . . .      Spirit   +    b - +0 leather armour
rPois   .          Reflect  .    j - +1 helmet
rElec   .          Roll     +    (no cloak)
rCorr   .                        (no gloves)
Will    .....                    q - +0 barding
Stlth   +                        l - amulet of guardian spirit
HPRegen 0.31/turn                (no ring)
MPRegen 0.12/turn                (no ring)

@: lightly drained
A: large, rugged brown scales 3, deformed body, armoured tail, roll, long
tongue, awkward tongue
a: Renounce Religion, Depart the Abyss, Banish


You were on level 7 of the Dungeon.
You worshipped Lugonu.
Lugonu was most pleased with you.
You visited 1 branch of the dungeon, and saw 7 of its levels.

You collected 320 gold pieces.

Inventory:

Hand Weapons
 a - a +0 mace
 f - a +2 whip of venom
 i - the +6 trident "Zostroet" (weapon) {holy, Dex+5}
   (You acquired it on level 3 of the Dungeon)

   Dex:       It affects your dexterity (+5).
Missiles
 d - 7 boomerangs of dispersal (quivered)
 v - 2 throwing nets
 B - a boomerang
Armour
 b - a +0 leather armour (worn)
 j - a +1 helmet (worn)
 q - a +0 barding (worn)
Jewellery
 l - an amulet of guardian spirit (around neck)
Wands
 o - a wand of roots (5)
 p - a wand of flame (37)
Scrolls
 c - a scroll of blinking
 e - a scroll of enchant armour
 k - a scroll of fog
 t - a scroll of fear
 w - a scroll of immolation {unknown}
 y - a scroll of identify
Potions
 h - 2 potions of brilliance
 m - 2 potions of heal wounds
 n - a potion of magic
 r - a potion of resistance
 s - a potion of flight
 u - 2 potions of might
 x - a potion of attraction
 z - a potion of ambrosia
 A - a potion of haste
 C - a potion of berserk rage {unknown}
 D - a potion of lignification {unknown}


   Skills:
 + Level 4.4 Fighting
 - Level 3.0 Maces & Flails
 + Level 3.9 Polearms
 - Level 0.8 Throwing
 - Level 1.2 Armour
 - Level 1.3 Dodging
 - Level 2.0 Spellcasting
 - Level 7.0 Translocations
 + Level 1.3 Invocations


You had 5 spell levels left.
You knew the following spells:

 Your Spells              Type           Power      Damage    Failure   Level
a - Blink                 Tloc           38%        N/A       2%          2
b - Manifold Assault      Tloc           19%        N/A       17%         4

Your spell library contained the following spells:

 Spells                   Type           Power      Damage    Failure   Level
 Lesser Beckoning         Tloc           38%        N/A       2%          2
 Teleport Other           Tloc           19%        N/A       4%          3
 Passage of Golubria      Tloc           19%        N/A       17%         4
 Vhi's Electric Charge    Tloc/Air       20%        N/A       22%         3
 Foxfire                  Conj/Fire      4%         2x1d4     30%         1
 Shock                    Conj/Air       4%         1d3       30%         1
 Hailstorm                Conj/Ice       1%         3d3       65%         3
 Tukima's Dance           Hex            1%         N/A       65%         3
 Cause Fear               Hex            0%         N/A       96%         4
 Yara's Violent Unravell  Hex/Tmut       0%         3d3       100%        5
 Starburst                Conj/Fire      0%         6d3       100%        6
 Dragon Form              Tmut           0%         N/A       100%        7
 Ignition                 Fire           0%         3d3       100%        8
 Dragon's Call            Summ           0%         N/A       100%        9


Dungeon Overview and Level Annotations

Branches:
Dungeon (7/15)             Temple (0/1) D:5

Altars:
Fedhas
Gozag
Lugonu

Shops:
D:4 [   D:5 =


Innate Abilities, Weirdness & Mutations

You are completely covered in rugged brown scales. (AC +3, +7% HP)
Armour fits poorly on your strangely shaped body.
You have a long armoured tail.
You roll when moving toward enemies. (Rampage)
Your long tongue fully drains potion bottles. (2x potion effects)
Your tongue gives you trouble enunciating. (1.5x scroll delay)


Message History

You kill the orc priest!
Lugonu accepts your kill.
You feel very sick.
The wight hits you from afar with a +0 halberd.
You feel drained. The wight hits you but does no damage.
Something hits you but does no damage. Something hits you.
You are lethally poisoned!
You feel extremely sick.
Casting: Blink (safe; 2% risk of failure)
Confirm with . or Enter, or press ? or * to list all spells.
You blink.
* * * LOW HITPOINT WARNING * * *
You feel very sick.
You slurp down every last drop of the potion of curing!
You feel better.
The wight hits you from afar with a +2 halberd!
* * * LOW HITPOINT WARNING * * *
You feel stable enough to blink again.
You hear some strange, mumbled words.
A magic dart appears from out of thin air!
The magic dart hits you.
* * * LOW HITPOINT WARNING * * *
There is a stone staircase leading down here.
The wight barely misses you.
The wight hits you from afar with a +0 halberd.
* * * LOW HITPOINT WARNING * * *
You feel drained.
* * * LOW HITPOINT WARNING * * *
Something hits you.
* * * LOW HITPOINT WARNING * * *
You climb downwards.
Reactivating autopickup.
There is a stone staircase leading up here.
Deactivating autopickup; reactivate with Ctrl-A.
You hit something.
The centaur wields a +1 shortbow of freezing.
It is covered in frost.
The centaur shoots an arrow.
The arrow hits you.
* * * LOW HITPOINT WARNING * * *
The arrow freezes you.
You die...

. ##. #..
#.# #.#
#.# #.#
#@#
..c...{.#
#########


You could see a centaur.

Vanquished Creatures
  Menkaure (D:5)
  An ogre (D:5)
  2 phantoms
  A scorpion (D:6)
  5 wights
  A howler monkey (D:6)
  2 hounds (D:4)
  A jelly (D:6)
  4 orc priests
  A sleepcap (D:5)
  Ijyb (D:3)
  2 orc wizards
  5 gnolls
  2 adders (D:2)
  2 ufetubi
  A worm (D:2)
  6 dart slugs
  13 orcs
  9 bats
  10 endoplasms
  5 giant cockroaches
  6 goblins
  8 hobgoblins
  4 jackals
  3 quokkas
  7 ball pythons
  4 frilled lizards
  8 kobolds
  3 rats
118 creatures vanquished.

Notes
Turn   | Place    | Note
-------+----------+-------------------------------------------
     0 | D:1      | Norrock the Armataur Warper began the quest for the Orb.
     0 | D:1      | Reached XP level 1. HP: 18/18 MP: 3/3
   217 | D:1      | Reached XP level 2. HP: 25/25 MP: 5/5
   245 | D:1      | Found a faded altar of an unknown god.
   256 | D:1      | Prayed at the altar of an unknown god.
   256 | D:1      | Became a worshipper of Lugonu the Unformed
   256 | D:1      | Reached * piety under Lugonu
   821 | D:1      | Reached XP level 3. HP: 31/31 MP: 6/6
  1023 | D:2      | Reached ** piety under Lugonu
  1367 | D:2      | Reached skill level 4 in Translocations
  1367 | D:2      | Reached XP level 4. HP: 38/38 MP: 7/7
  1371 | D:2      | Learned a level 2 spell: Blink
  1699 | D:3      | Identified a scroll of acquirement
  1699 | D:3      | Acquired the +6 trident "Zostroet" {holy, Dex+5}
  1828 | D:3      | Noticed Ijyb
  1831 | D:3      | Killed Ijyb
  1832 | D:3      | Reached skill level 1 in Polearms
  1832 | D:3      | Reached XP level 5. HP: 28/43 MP: 8/8
  2736 | D:4      | Reached skill level 5 in Translocations
  2778 | D:4      | Reached *** piety under Lugonu
  2910 | D:4      | Found an opulent altar of Gozag.
  3049 | D:4      | Learned a level 4 spell: Manifold Assault
  3206 | D:4      | Found Taustrad's Armour Shoppe.
  3462 | D:5      | Entered Level 5 of the Dungeon
  3503 | D:5      | Reached XP level 6. HP: 22/52 MP: 9/9
  3824 | D:5      | Found a staircase to the Ecumenical Temple.
  3830 | D:5      | Reached skill level 6 in Translocations
  3830 | D:5      | Reached XP level 7. HP: 51/60 MP: 10/10
  3831 | D:5      | Found Zotteor's Jewellery Boutique.
  3918 | D:5      | Noticed Menkaure
  3949 | D:5      | Killed Menkaure
  4394 | D:5      | Got the Volume of Embers and Combat Magic
  4713 | D:6      | Found a blossoming altar of Fedhas.
  4739 | D:6      | Reached skill level 7 in Translocations
  4796 | D:6      | Reached XP level 8. HP: 70/70 MP: 11/11
  4819 | D:7      | Reached skill level 1 in Invocations
  4933 | D:7      | HP: 2/68 [centaur/arrow (6)]
  4933 | D:7      | Shot with an arrow by a centaur

Illustrated notes

Levels and vault maps discovered:
D:1:      lemuel_arrival_room, layout_loops_corners, basic_ecumenical_altar,
          minmay_split_cup_large
D:2:      layout_basic
D:3:      layout_loops_corners, columned_hall_lemuel, minivault_19,
          kennysheep_path_1, minmay_misc_feat_doors, uniq_ijyb
D:4:      layout_loops_cross, mainiacjoe_overflow_surrounded_room, serial_shops,
          nicolae_lakefront_shop, cheibrodos_gnoll_hut
D:5:      layout_basic, minmay_temple_entry_glassed_door, serial_shops, shop,
          uniq_menkaure
D:6:      layout_rooms, lemuel_round_altar, nrook_pool_corridor
D:7:      layout_loops_cross, nicolae_dithmenos_through_a_glass_darkly,
          gammafunk_temple_overflow_pools, lemuel_blue_sif_altar, uniq_maggie,
          uniq_prince_ribbit1

Skill      XL: |  1  2  3  4  5  6  7  8 |
---------------+-------------------------+-----
Maces & Flails | 2 3 |  3.0
Spellcasting   | 2 |  2.0
Translocations | 4 5 6 7 |  7.0
Polearms       | 1 2 3 |  3.9
Fighting       | 2 3 4 |  4.4
Invocations    | 1 |  1.3
Throwing       | |  0.8
Armour         | |  1.2
Dodging        | |  1.3

Action                     |  1- 3 |  4- 6 |  7- 9 || total
---------------------------+-------+-------+-------++-------
  Melee: Whip              |    87 |     9 |       ||    96
         Mace              |     5 |       |       ||     5
         Tailslap          |     8 |     9 |     8 ||    25
         Punch             |     1 |     1 |     2 ||     4
         Trident           |       |   122 |    54 ||   176
   Cast: Blink             |       |       |     3 ||     3
         Manifold Assault  |       |       |     1 ||     1
    Use: Scroll            |     4 |     8 |     3 ||    15
         Potion            |       |     2 |     2 ||     4
   Stab: Sleeping          |       |     3 |       ||     3
 Armour: Leather armour    |    38 |    46 |    51 ||   135
  Dodge: Dodged            |    60 |    37 |    32 ||   129

Table legend: (Time is in decaauts)
 A = Elapsed time spent in this place.
 B = Non-inter-level travel time spent in this place.
 C = Inter-level travel time spent in this place.
 D = Time resting spent in this place.
 E = Time spent auto-exploring this place.
 F = Levels seen in this place.
 G = Mean time per level.
                   A        B        C        D        E       F      G
               +--------+--------+--------+--------+--------+-----+--------+
         Total |   4953 |   4747 |    206 |    786 |   2434 |   7 |  707.6 |
       Dungeon |   4953 |   4747 |    206 |    786 |   2434 |   7 |  707.6 |
               +--------+--------+--------+--------+--------+-----+--------+

Top non-repeatable levels by time:
     D:5: 1188 daAuts
     D:3: 1042 daAuts
     D:1: 923 daAuts
     D:2: 763 daAuts
     D:4: 755 daAuts
     D:6: 179 daAuts
     D:7: 101 daAuts
